AoeStats
← Warningeye

MegaRandom

508724443Analyzed
2v2 RM · 8d ago on Sep 23, 2026· 39m 54s· 4 players
Game mode
Random Map
Map size
Medium (4 player)
Population
200
Speed
Normal
Resources
Standard
Victory
Conquest
Starting age
Dark Age
Ending age
Imperial Age
RankedLock teamsTeams togetherTeam positionsShared explorationLock speedFull tech treeHidden civsTurbo modeCheats
Victory
Defeat
🇺🇾 Vikings · Uruguay
1126
+15
🇭🇰 Poles · Hong Kong SAR China
1070
+17
🇬🇧 Koreans · United Kingdom
1117
-17
🇲🇽 Italians · Mexico
1081
-15
MAJEZTAD EZKANOR
12:22 Feudal Age
14:06 Wheelbarrow
13:25 Double-Bit Axe
14:19 Horse Collar
19:59 Castle Age
19:10 Stone Mining
19:13 Gold Mining
21:29 Hand Cart
21:22 Heavy Plow
21:35 Bow Saw
21:37 Loom
31:58 Imperial Age
32:47 Scale Mail Armor
32:58 Forging
33:10 Conscription
33:39 Arson
33:54 Squires
33:15 Pikeman
35:19 Chain Mail Armor
35:39 Iron Casting
37:01 Plate Mail Armor
Warningeye
8:14 Loom
11:08 Feudal Age
13:18 Double-Bit Axe
19:19 Fletching
22:38 Castle Age
21:31 Stone Mining
22:21 Horse Collar
24:29 Bodkin Arrow
25:39 Elite Skirmisher
33:04 Imperial Age
33:54 Bracer
34:51 Capped Ram
36:14 Thumb Ring
36:33 Ballistics
[sAnCoNo] Dr_SaLadoMaL
7:19 Loom
10:36 Feudal Age
12:09 Double-Bit Axe
13:03 Fletching
21:10 Castle Age
19:09 Gold Mining
18:59 Horse Collar
19:23 Padded Archer Armor
19:43 Horse Collar
20:48 Town Watch
21:48 Bodkin Arrow
22:51 Gold Shaft Mining
22:28 Crossbowman
23:49 Bow Saw
25:08 Leather Archer Armor
26:05 Town Patrol
28:50 Heavy Plow
29:40 Stone Mining
32:35 Ballistics
32:00 Treadmill Crane
37:56 Imperial Age
35:38 Scale Mail Armor
35:53 Forging
35:45 Squires
35:31 Arson
36:47 Chain Mail Armor
38:11 Iron Casting
41:03 Two-Man Saw
cl12272003
0:38 Loom
14:36 Feudal Age
15:17 Horse Collar
15:25 Double-Bit Axe
17:26 Gold Mining
20:39 Castle Age
20:47 Forging
20:38 Scale Mail Armor
21:25 Heavy Plow
21:41 Bow Saw
21:19 Town Watch
23:01 Stone Mining
25:04 Wheelbarrow
25:39 Town Patrol
27:32 Stone Shaft Mining
27:36 Chain Mail Armor
27:22 Pikeman
28:36 Hand Cart
30:29 Scale Barding Armor
31:00 Iron Casting
31:16 Szlachta Privileges
32:39 Chain Barding Armor
35:10 Imperial Age
34:02 Bloodlines
33:52 Husbandry
36:27 Crop Rotation
35:40 Capped Ram
35:46 Cavalier
36:58 Plate Mail Armor
37:29 Blast Furnace
37:14 Siege Ram
39:17 Hoardings
Connection lost

Rejoining the realm…

Still unreachable

The connection could not be restored.

Session expired

The server has moved on; the page needs a fresh start.